AoeStats
← Mogler

Arabia

510500647Analyzed
1v1 RM · 20h ago on Oct 1, 2026· 45m 28s· 2 players
Game mode
Random Map
Map size
Tiny (2 player)
Population
200
Speed
Normal
Resources
Standard
Victory
Conquest
Starting age
Dark Age
Ending age
Imperial Age
RankedLock teamsTeams togetherTeam positionsShared explorationLock speedFull tech treeHidden civsTurbo modeCheats
Victory
Defeat
🇻🇳 Saxons · Vietnam
1302
+14
🇩🇪 Vikings · Germany
1258
-14
Mogler
6:24 Loom
9:03 Feudal Age
10:42 Double-Bit Axe
10:52 Fletching
18:28 Castle Age
17:09 Gold Mining
17:30 Padded Archer Armor
18:23 Scale Mail Armor
17:48 Man-at-Arms
19:00 Crossbowman
20:58 Bodkin Arrow
23:10 Long Swordsman
32:20 Scale Barding Armor
41:47 Chain Barding Armor
Kaiser
8:11 Loom
10:36 Feudal Age
14:59 Castle Age
13:29 Double-Bit Axe
18:35 Scale Mail Armor
26:01 Forging
29:20 Chain Mail Armor
29:04 Town Watch
29:55 Wheelbarrow
30:54 Bow Saw
31:36 Gold Mining
32:13 Horse Collar
33:39 Iron Casting
36:21 Iron Casting
36:45 Squires
39:42 Gambesons
39:45 Arson
42:00 Stone Mining
45:23 Imperial Age
45:40 Hand Cart
Connection lost

Rejoining the realm…

Still unreachable

The connection could not be restored.

Session expired

The server has moved on; the page needs a fresh start.